 Dungeon Crawl Stone Soup version 0.17-a0-2220-g6fea741 (webtiles) character file.

33 HaroldButt the Grave Robber (level 3, -1/28 HPs)
             Began as a Deep Dwarf Necromancer on Oct 28, 2015.
             Killed by divine providence
             ... invoked by an orc priest
              (9 damage)
             ... on level 4 of the Dungeon.
             The game lasted 00:07:59 (1060 turns).

HaroldButt the Grave Robber (DDNe)                  Turns: 1060, Time: 00:07:59

Health: -1/28      AC:  2    Str: 11    XL:     3   Next: 12%
Magic:  1/5        EV: 12    Int: 16    God:
Gold:   51         SH:  0    Dex: 13    Spells: 3 memorised, 0 levels left

rFire  . . .     SeeInvis .     h - +0 whip
rCold  . . .     Clarity  .     a - +0 robe
rNeg   . . .     SustAt   .     (no shield)
rPois  .         Gourm    .     (no helmet)
rElec  .         Spirit   .     (no cloak)
rCorr  .         Warding  .     (no gloves)
rMut   .         Stasis   .     (no boots)
MR     .....                    (no amulet)
Stlth  ++........               (no ring)
                                (no ring)

@: very slightly contaminated, non-regenerating, not resistant to hostile
enchantments, unstealthy
A: damage resistance, recharge devices, sense surroundings 1, slow regeneration
3
a: Device Recharging


You were on level 4 of the Dungeon.
You were hungry.

You visited 1 branch of the dungeon, and saw 3 of its levels.

You collected 51 gold pieces.

Inventory:

Hand Weapons
 h - a +0 whip (weapon)
Missiles
 q - 7 tomahawks (quivered)
Armour
 a - a +0 robe (worn)
Wands
 c - a wand of heal wounds (5)
Scrolls
 e - a scroll of magic mapping {unknown}
 g - a scroll of amnesia {unknown}
 k - a scroll of remove curse {unknown}
 l - a scroll of fog {unknown}
 m - a scroll of teleportation {unknown}
Books
 b - a book of Necromancy

   Spells                             Type                      Level
   a - Pain                           Necromancy                   1
   b - Animate Skeleton               Necromancy                   1
   c - Vampiric Draining              Necromancy                   3
   d - Regeneration                   Charms/Necromancy            3
   e - Animate Dead                   Necromancy                   4
   f - Control Undead                 Necromancy                   4
Comestibles
 d - 2 bread rations
 f - a slice of pizza
 i - a royal jelly
 j - 2 beef jerkies
 n - 5 chunks of flesh


   Skills:
 - Level 2.1 Dodging
 - Level 2.4 Stealth
 - Level 1.7 Spellcasting
 * Level 5.5 Necromancy


You couldn't memorise any spells.
You knew the following spells:

 Your Spells              Type           Power        Failure   Level  Hunger
a - Pain                  Necr           ###.         2%          1    ##.....
b - Animate Skeleton      Necr           N/A          2%          1    ##.....
c - Vampiric Draining     Necr           ###.......   10%         3    ####...


Dungeon Overview and Level Annotations

Branches:
Dungeon (4/15)
 Temple: D:4-7

Altars:
Ashenzari


Innate Abilities, Weirdness & Mutations

You are resistant to damage.
You can recharge devices by infusing magical energy.
You passively map a small area around you.
You do not regenerate naturally.


Message History

Press: ? - help, Shift-Dir - straight line, f - orc priest
Aim: an orc priest, wielding a short sword and wearing a shiny ring mail You miscast Vampiric Draining.
You are very lightly contaminated with residual magic.
You hear strange and distant voices.
You are feeling hungry.
The orc misses you. Something hits you.
The orc priest hits you with a short sword.
The orc priest casts a cantrip, but nothing happens.
Found a potion of curing and a mace.
There is a stone staircase leading down here.
Found 21 sling bullets.
The orc priest casts a cantrip, but nothing happens.
There is a stone staircase leading down here.
A puff of flame appears from out of thin air!
The puff of flame hits you!
* * * LOW HITPOINT WARNING * * *
The orc priest calls down the wrath of Beogh upon you.
Something smites you!
You die...

##.o.###.# ...#####.#
,..#...(,.., .### #...#
#.....#..#* .# #.###
#......... , ####
#.########...##.#..
...###.##..o...........
, ,
##...)....o.........#* ,
##....###..{.......#
#...##.##..#>.>.@...# ,
#.####.##.##.....!......
..** ..... #........##..
.* ,...##*#..).....# #
,....# ########## *,
....# .....# *


You could see an orc priest and an orc.

Vanquished Creatures
  A giant gecko (D:2)
  2 ball pythons
  9 hobgoblins
  5 kobolds
  2 quokkas (D:2)
  2 bats
  2 giant cockroaches (D:1)
  3 goblins (D:1)
  2 rats
28 creatures vanquished.

Notes
Turn   | Place    | Note
--------------------------------------------------------------
     0 | D:1      | HaroldButt the Deep Dwarf Necromancer began the quest for the Orb.
     0 | D:1      | Reached XP level 1. HP: 15/15 MP: 3/3
     2 | D:1      | Learned a level 1 spell: Animate Skeleton
   155 | D:1      | Reached XP level 2. HP: 22/22 MP: 1/4
   227 | D:1      | Upgraded the game from 0.17-a0-2215-g49c1de0 to 0.17-a0-2220-g6fea741
   304 | D:1      | Reached skill level 5 in Necromancy
   844 | D:2      | Found a shattered altar of Ashenzari.
   916 | D:2      | Reached XP level 3. HP: 17/28 MP: 3/5
   921 | D:2      | Learned a level 3 spell: Vampiric Draining
  1017 | D:2      | You fall through a shaft for 2 floors!
  1060 | D:4      | Killed from afar by an orc priest

Vault maps used:
D:1:      eino_arrival_druids_welcome
D:2:      nicolae_overflow_crystal_walls
D:4:      gammafunk_temple_overflow_statue, first_bread, abandoned_shop

Action                   || total
-------------------------++-------
Melee: Unarmed           ||     1
       Whip              ||     7
 Cast: Pain              ||    36
       Animate Skeleton  ||     2
       Vampiric Draining ||     2
  Use: Potion            ||     2
  Eat: Chunk             ||     1
